AoeStats
← ska_18

Black Forest

508005265Analyzed
3v3 RM · 11d ago on Sep 20, 2026· 53m 34s· 6 players
Game mode
Random Map
Map size
Normal (6 player)
Population
200
Speed
Normal
Resources
Standard
Victory
Conquest
Starting age
Dark Age
Ending age
Imperial Age
RankedLock teamsTeams togetherTeam positionsShared explorationLock speedFull tech treeHidden civsTurbo modeCheats
Victory
Defeat
🇦🇹 Saracens · Austria
902
+16
🇪🇸 Bulgarians · Spain
898
+16
🇨🇳 Italians · China
882
+17
🇩🇪 Celts · Germany
912
-17
🇩🇪 Japanese · Germany
893
-16
🇬🇧 Vietnamese · United Kingdom
882
-16
ska_18
1:16 Loom
14:26 Feudal Age
17:25 Double-Bit Axe
19:45 Castle Age
17:49 Horse Collar
18:09 Fishing Lines
23:01 Wheelbarrow
22:15 Town Watch
23:04 Bow Saw
24:28 Heavy Plow
26:11 Gold Mining
26:12 Stone Mining
27:24 Fletching
27:44 Forging
28:27 Fervor
28:53 Gold Shaft Mining
28:36 Hand Cart
30:08 Scale Barding Armor
30:39 Iron Casting
32:25 Coinage
31:55 Caravan
35:10 Imperial Age
33:05 Chain Barding Armor
32:40 Bodkin Arrow
33:45 Bimaristan
34:41 Town Patrol
34:39 Gillnets
35:40 Sanctity
35:22 Treadmill Crane
35:38 Murder Holes
37:06 Chemistry
36:17 Masonry
36:30 Conscription
35:31 Elite Mameluke
36:47 Hoardings
38:01 Blast Furnace
37:36 Plate Barding Armor
36:49 Light Cavalry
37:40 Bloodlines
37:31 Husbandry
37:32 Hussar
39:01 Bracer
39:07 Siege Engineers
40:04 Banking
40:36 Fortified Wall
45:10 Ballistics
yjk2535
0:33 Loom
11:20 Feudal Age
18:44 Castle Age
16:54 Double-Bit Axe
16:52 Horse Collar
20:19 Wheelbarrow
20:13 Bow Saw
20:50 Heavy Plow
25:48 Hand Cart
26:20 Gold Mining
30:15 Stone Mining
33:37 Imperial Age
31:32 Fletching
31:43 Padded Archer Armor
32:40 Bodkin Arrow
33:01 Leather Archer Armor
34:21 Ballistics
35:48 Chemistry
34:32 Elite Genoese Crossbowman
35:29 Bracer
35:59 Ring Archer Armor
47:00 Onager
superpandaby
14:14 Feudal Age
15:48 Double-Bit Axe
24:52 Castle Age
22:43 Horse Collar
23:12 Gold Mining
23:17 Stone Mining
23:59 Forging
23:49 Scale Mail Armor
23:51 Fletching
24:18 Scale Barding Armor
24:08 Arson
24:58 Bloodlines
31:51 Bow Saw
35:37 Murder Holes
36:03 Ballistics
35:55 Masonry
36:07 Husbandry
36:45 Iron Casting
36:25 Chain Mail Armor
36:14 Squires
37:20 Heavy Plow
39:55 Gold Shaft Mining
39:56 Stone Shaft Mining
39:23 Gambesons
45:12 Imperial Age
43:06 Stirrups
46:35 Chain Barding Armor
46:30 Chain Mail Armor
47:16 Blast Furnace
46:12 Bodkin Arrow
47:56 Chemistry
47:27 Architecture
48:41 Bagains
49:24 Elite Konnik
51:11 Crop Rotation
悟 GOKU 悟
1:03 Loom
13:40 Feudal Age
14:58 Wheelbarrow
17:38 Castle Age
16:52 Double-Bit Axe
18:40 Hand Cart
18:39 Bow Saw
31:49 Imperial Age
30:16 Stone Mining
30:18 Gold Mining
30:11 Horse Collar
30:36 Chatras
31:22 Fletching
31:14 Treadmill Crane
32:29 Bodkin Arrow
33:36 Chemistry
35:03 Paper Money
35:07 Town Watch
36:25 Two-Man Saw
35:28 Heavy Plow
36:05 Stone Shaft Mining
36:46 Elite Rattan Archer
38:26 Bracer
39:07 Light Cavalry
39:58 Bloodlines
40:28 Elite Battle Elephant
42:22 Forging
42:34 Ballistics
44:22 Pikeman
45:03 Squires
44:48 Arson
46:24 Scale Barding Armor
46:55 Iron Casting
S3r!ousLE3
0:34 Loom
12:38 Feudal Age
16:53 Double-Bit Axe
18:21 Town Watch
21:03 Castle Age
23:36 Bow Saw
25:13 Horse Collar
26:54 Heavy Plow
28:41 Fishing Lines
33:39 Imperial Age
31:52 Wheelbarrow
32:00 Guard Tower
32:12 Yasama
32:07 Fletching
32:17 Scale Mail Armor
33:02 Elite Skirmisher
33:02 Crossbowman
33:48 Thumb Ring
33:47 Padded Archer Armor
33:58 Forging
34:47 Conscription
35:34 Chemistry
35:22 Gold Mining
35:22 Stone Mining
35:32 Bodkin Arrow
36:46 Gold Shaft Mining
36:35 Bracer
36:20 Capped Ram
37:31 Hand Cart
37:09 Arbalester
38:17 Ballistics
39:28 Keep
38:35 Pikeman
39:16 Squires
39:34 Chain Mail Armor
39:58 Iron Casting
39:08 Halberdier
41:18 Town Patrol
41:21 Arrowslits
41:34 Murder Holes
41:50 Masonry
44:02 Parthian Tactics
42:57 Heavy Cavalry Archer
44:51 Plate Mail Armor
45:25 Blast Furnace
Hoodie Melo
0:40 Loom
12:49 Feudal Age
13:23 Double-Bit Axe
16:46 Castle Age
15:19 Horse Collar
18:14 Wheelbarrow
17:24 Town Watch
23:25 Hand Cart
23:52 Heavy Plow
23:48 Pikeman
25:02 Town Patrol
25:51 Gold Mining
26:40 Scale Mail Armor
26:50 Forging
26:42 Stone Mining
28:17 Stone Shaft Mining
28:19 Gold Shaft Mining
28:32 Chain Mail Armor
28:52 Iron Casting
31:21 Fletching
32:36 Bodkin Arrow
36:01 Ballistics
36:38 Murder Holes
Connection lost

Rejoining the realm…

Still unreachable

The connection could not be restored.

Session expired

The server has moved on; the page needs a fresh start.